 Dungeon Crawl Stone Soup version 0.24.1-11-gbbbb2193e6 (webtiles) character file.

Game seed: 5316375509296037748, levelgen mode: deterministic

41 Peloso the Skirmisher (level 3, -3/29 HPs)
             Began as a Demonspawn Fighter on May 13, 2020.
             Slain by an iguana (8 damage)
             ... on level 2 of the Dungeon.
             The game lasted 00:01:12 (624 turns).

Peloso the Skirmisher (Demonspawn Fighter)           Turns: 624, Time: 00:01:13

Health: -3/29      AC:  6    Str: 17    XL:     3   Next: 32%
Magic:  0/3        EV:  7    Int:  9    God:
Gold:   36         SH:  9    Dex: 12    Spells: 2/2 levels left

rFire    . . .     SeeInvis .   a - +0 long sword
rCold    . . .     Gourm    .   c - +0 shield
rNeg     . . .     Faith    .   b - +0 scale mail
rPois    .         Spirit   +   (no helmet)
rElec    .         Reflect  .   (no cloak)
rCorr    .         Harm     .   (no gloves)
MR       .....                  (no boots)
Stlth    ..........             (no amulet)
HPRegen  0.09/turn              (no ring)
MPRegen  0.08/turn              (no ring)

@: no status effects
A: powered by death 1, magic shield
a: no special abilities


You were on level 2 of the Dungeon.
You were not hungry.

You visited 1 branch of the dungeon, and saw 2 of its levels.

You collected 36 gold pieces.

Inventory:

Hand Weapons
 a - a +0 long sword (weapon)
Armour
 b - a +0 scale mail (worn)
 c - a +0 shield (worn)
Scrolls
 i - a scroll of immolation {unknown}
Potions
 d - a potion of might
 e - 2 potions of resistance {unknown}
 g - a potion of heal wounds {unknown}
 h - a potion of lignification {unknown}
 j - a potion of cancellation {unknown}
Comestibles
 f - 2 rations


   Skills:
 + Level 3.3 Fighting
 + Level 2.1 Long Blades
 + Level 2.9 Armour
 + Level 1.0 Dodging
 + Level 0.1 Stealth
 + Level 3.0 Shields


You had 2 spell levels left.
You didn't know any spells.
Your spell library was empty.

Dungeon Overview and Level Annotations

Branches:
Dungeon (2/15)

Altars:


Innate Abilities, Weirdness & Mutations

You regenerate a little health from kills.
When hurt, damage is shared between your health and your magic reserves.


Message History

Found 2 throwing nets.
You hit the iguana but do no damage.
The iguana bites you but does no damage.
Your shield and scale mail prevent you from hitting the iguana.
You feel sick.
The iguana bites you but does no damage.
The iguana bites you.
You hit the iguana.
The iguana is moderately wounded.
The iguana closely misses you.
You hit the iguana.
The iguana is moderately wounded.
The iguana bites you.
* * * LOW HITPOINT WARNING * * *
You hit the iguana.
The iguana is heavily wounded.
You feel sick.
You are no longer poisoned.
The iguana bites you!
You die...

#.........
#.........
#...(.....
#......... ##
#.(....... ......
#.........
......####........(
...........@l......
.............(.....
...........######.#
...........#
...........######
..................
..................
#.####............
#.....#######


You could see an iguana.

Vanquished Creatures
  An adder (D:2)
  A dart slug (D:1)
  2 leopard geckos (D:1)
  3 bats (D:1)
  4 giant cockroaches
  4 goblins (D:1)
  2 hobgoblins (D:1)
  3 jackals (D:1)
  A ball python (D:1)
  2 frilled lizards (D:1)
  3 rats (D:1)
26 creatures vanquished.

Notes
Turn   | Place    | Note
-------+----------+-------------------------------------------
     0 | D:1      | Peloso the Demonspawn Fighter began the quest for the Orb.
     0 | D:1      | Reached XP level 1. HP: 18/18 MP: 1/1
   132 | D:1      | Gained mutation: When hurt, damage is shared between your
                  | health and your magic reserves. [demonic ancestry]
   132 | D:1      | Reached XP level 2. HP: 22/24 MP: 2/2
   436 | D:1      | Gained mutation: You regenerate a little health from kills.
                  | [demonic ancestry]
   436 | D:1      | Reached XP level 3. HP: 25/29 MP: 3/3
   609 | D:2      | Reached skill level 1 in Dodging
   624 | D:2      | Slain by an iguana

Levels and vault maps discovered:
D:1:      dpeg_arrival_rooms_a, layout_loops_ring
D:2:      layout_basic, marbit_many_paths

Skill      XL: |  1  2  3 |
---------------+----------+-----
Long Blades    | 2 |  2.1
Shields        | 3 |  3.0
Dodging        | 1 |  1.0
Fighting       | |  3.3
Armour         | |  2.9
Stealth        | |  0.1

Action                   || total
-------------------------++-------
Melee: Long sword        ||    98
Armor: Scale mail        ||    66
Dodge: Dodged            ||    40
Block: Shield            ||    60
       Rpst.: Long sword ||    10
